stoopid, chaotic male human Rogue ------------------------ |.......^^^^^^^^^^^^^..| |..-------------------.| ----.| ----- |.| |..|.-- --...| |.| |..`..|--|.`..| |.| |.`...|..|..`.| |.| --`..`|...``.-- |.| |...`...|`..| ------|.| |....|..|..`| --|.....|.| |...`---|.`.| |.+.....|.| |...@...|..-- |-|.....|.| ----m`..|.-- |.+.....+.| ---.--.| |-|.....|-- |..`..| |.+.....| |>.|..| --|.....| ------- ------- stoopid the Cutpurse Experience level: 5 Strength: 12 Dexterity: 18 Constitution: 17 Intelligence: 11 Wisdom: 10 Charisma: 9 Health: 0(46) Energy: 20(20) Def: 6 Gold: 260 Moves: 4218 Dungeon seed: HWayrT-MAHnnl6UR Game ID: stoopid_1509845170 Your Inventory: Coins $ - 260 gold pieces Amulets N - an uncursed amulet versus poison (being worn) Weapons n - 10 uncursed +0 darts (in quiver) u - an uncursed -3 dagger w - a blessed +0 elven dagger (weapon in hand) B - 10 uncursed +0 daggers named daggers 1 Armor e - an uncursed +0 elven cloak (being worn) y - an uncursed +0 elven mithril-coat (being worn) Comestibles I - 2 uncursed cram rations J - 3 uncursed food rations K - an uncursed food ration M - an uncursed food ration O - 2 uncursed sprigs of wolfsbane Q - an uncursed slime mold S - an uncursed tin of shrieker V - 2 uncursed tripe rations X - 3 uncursed eggs Scrolls t - a cursed scroll of destroy armor x - a cursed scroll of identify A - a cursed scroll of identify F - an uncursed scroll of remove curse R - 2 uncursed scrolls of earth Potions c - an uncursed potion of sickness j - an uncursed potion of gain ability l - an uncursed potion of paralysis m - a cursed potion of sleeping s - a cursed potion of gain energy D - an uncursed potion of object detection G - an uncursed potion of invisibility H - an uncursed potion of hallucination Rings r - an uncursed ring of poison resistance (on left hand) E - an uncursed ring of poison resistance U - a blessed +4 ring of searching Z - a cursed ring of warning Wands p - an uncursed wand of speed monster (0:3) P - an uncursed wand of secret door detection (0:8) W - an uncursed wand of striking (0:3) Y - an uncursed wand of lightning (0:7) Tools d - an uncursed lock pick f - an uncursed oil lamp (0:1007) g - an uncursed sack i - an uncursed skeleton key k - an uncursed skeleton key z - an uncursed tin whistle Spells and supernatural/magical abilities: Spells marked with '*' are forgotten. Spells marked with '!' are maintained. Spells marked with '#' are aliased with 'castalias'. Name Level Category Fail Memory W - pray for help -- divine ? -- Your skills at the end: Fighting Skills wands [Basic] Weapon Skills dagger [Basic] short sword [Basic] Spellcasting Skills Final Attributes: You were piously aligned. You were poison resistant. You were stealthy. You were held by a giant mimic. You were lucky. You are dead. Vanquished creatures: 2 leprechauns a pony 2 shriekers a black naga hatchling a gray ooze 3 giant ants 2 little dogs a kitten 4 hill orcs 3 iguanas 3 coyotes a hobbit 2 manes a hobgoblin a giant rat 2 cave spiders 2 yellow molds a red mold a gecko 8 jackals 2 foxes a kobold 2 goblins a sewer rat 6 grid bugs a bat 3 lichens a kobold zombie 6 newts 65 creatures vanquished. Voluntary challenges: You were an atheist. You used a wielded weapon 101 times, starting on turn 4. You read items or engraved 4 times, starting on turn 2684. You never genocided any monsters. You never polymorphed an object. You never changed form. You used no wishes. You never split a pudding. You wrote Elbereth's name 1 time, starting on turn 2684. You never violated your personal moral code. Dungeon overview: The Dungeons of Doom: levels 1 to 6 Level 1 a long staircase Level 2 a general store, a vault a long staircase Level 3 a vault Level 4 an armor shop, a fountain, a vault Level 5 many fountains Level 6 a fountain, a vault stairs to Sokoban Sokoban: levels 2 to 5 Level 2 <- You were here Level 3 Level 4 Level 5 stairs to The Dungeons of Doom History has recorded: On T:1 you entered the Dungeons of Doom to retrieve the Amulet of Yendor! On T:163 you reached level 2 of The Dungeons of Doom. On T:583 you advanced to experience level 2. On T:630 you reached level 3 of The Dungeons of Doom. On T:873 you reached level 4 of The Dungeons of Doom. On T:1349 you advanced to experience level 3. On T:1603 you reached level 5 of The Dungeons of Doom. On T:1827 you advanced to experience level 4. On T:1946 you reached level 6 of The Dungeons of Doom. On T:1964 you reached level 4 of Sokoban. On T:2735 you advanced to experience level 5. On T:2836 you reached level 3 of Sokoban. On T:3524 you reached level 2 of Sokoban. On T:4057 you reached level 1 of Sokoban. Score breakdown: Gold: 260 ( 8220 points) Experience: 5 levels (11141 points) Exploration: 6 levels ( 11.54%) ( 9393 points) Discoveries: 7 items ( 2.33%) ( 4574 points) Valuables value: (no points given unless you survive) Artifact value: 0 ( 0 points) Variety of kills: 29 monsters ( 7.63%) ( 8287 points) Turncount: 4218 turns (-1103 points) Survival: died (score multiplied by 80%) Total score: 32409 Latest messages: The boulder falls into and plugs a hole in the floor! The jackal bites! You hit the jackal. The jackal bites! You kill the jackal! Wait! That's a giant mimic! You cannot escape from the giant mimic! You hit the giant mimic. The giant mimic hits! (2x) You hit the giant mimic. (3x) Never mind. You engrave in the floor with a dagger. Your dagger gets dull. You are only able to write "Elberet". The giant mimic hits! (3x) You die... The sack is empty. The sack is empty. Final status: Goodbye stoopid the Rogue, killed by a giant mimic, while engraving... You died in Sokoban on dungeon level 2 with 32409 points, and 260 pieces of gold, after 4218 moves. You were level 5 with a maximum of 46 hit points when you died.